 Dungeon Crawl Stone Soup version 0.29.0-7-g18a832c13a (webtiles) character file.

Game seed: 7982981917550134587

440 Leibowitz the Cutter (level 7, -2/43 HPs)
             Began as a Kobold Fighter on Aug 30, 2022.
             Killed by nerve-wracking pain
             ... invoked by Grinder
              (14 damage)
             ... on level 4 of the Dungeon.
             The game lasted 00:07:28 (3862 turns).

Leibowitz the Cutter (Kobold Fighter)               Turns: 3862, Time: 00:07:28

Health: -2/43      AC:  6    Str: 14    XL:     7   Next: 22%
Magic:  7/7        EV: 14    Int: 15    God:
Gold:   285        SH:  6    Dex: 16    Spells: 6/6 levels left

rFire   . . .      SeeInvis .   a - +0 rapier
rCold   . . .      Faith    .   c - +0 buckler
rNeg    . . .      Spirit   .   q - +0 robe
rPois   .          Reflect  .   (no helmet)
rElec   .          Harm     .   (no cloak)
rCorr   .          Rampage  .   (no gloves)
Will    .....                   (no boots)
Stlth   +++.......              (no amulet)
HPRegen 0.14/turn               r - +6 ring of intelligence
MPRegen 0.10/turn               u - +4 ring of protection

@: no status effects
A: small, no large weapons, nightstalker 3
a: no special abilities


You were on level 4 of the Dungeon.
You visited 1 branch of the dungeon, and saw 4 of its levels.

You collected 285 gold pieces.

Inventory:

Hand Weapons
 a - a +0 rapier (weapon)
 t - a +1 dagger of flaming
Missiles
 i - 21 poisoned darts (quivered)
 k - 2 atropa-tipped darts
Armour
 c - a +0 buckler (worn)
 q - a +0 robe (worn)
Jewellery
 r - a +6 ring of intelligence (left hand)
 u - a +4 ring of protection (right hand)
Wands
 b - a wand of roots (4)
Scrolls
 f - 2 scrolls of teleportation {unknown}
 g - 3 scrolls of identify {unknown}
 l - a scroll of amnesia {unknown}
 n - a scroll of vulnerability {unknown}
 o - a scroll of poison {unknown}
Potions
 d - 2 potions of might
 e - 3 potions of lignification {unknown}
 h - a potion of mutation {unknown}
 j - a potion of attraction {unknown}
 m - 3 potions of heal wounds {unknown}
 p - 2 potions of haste {unknown}
 s - 2 potions of curing {unknown}
 v - a potion of flight {unknown}


   Skills:
 * Level 4.1 Fighting
 * Level 6.0 Short Blades
 + Level 0.1 Throwing
 * Level 3.4 Armour
 * Level 2.1 Dodging
 * Level 3.5 Stealth
 * Level 3.2 Shields


You had 6 spell levels left.
You didn't know any spells.
Your spell library contained the following spells:

 Spells                   Type           Power      Damage    Failure   Level
 Freeze                   Ice            0%         1d3       36%         1
 Dazzling Flash           Conj/Hex       0%         N/A       75%         3
 Frozen Ramparts          Ice            0%         1d1       75%         3
 Hailstorm                Conj/Ice       0%         3d3       98%         4
 Iskenderun's Mystic Bla  Conj/Tloc      0%         2d3       98%         4
 Starburst                Conj/Fire      0%         6d3       100%        6


Dungeon Overview and Level Annotations

Branches:
Dungeon (4/15)
 Temple: D:4-7

Altars:
Gozag
Trog

Shops:
D:1 =   D:4 (

Annotations:
D:4 Grinder


Innate Abilities, Weirdness & Mutations

You are small and have problems with some larger weapons.
You are completely attuned to the shadows.


Message History

You kill the quokka!
v - an amethyst potion Grinder comes into view.
The helpless Grinder fails to defend herself.
You impale Grinder!!
Grinder is severely wounded.
Grinder hits you!
You writhe in agony.
You hit Grinder.
Grinder is almost dead.
Grinder hits you.
You writhe in agony.
You hit Grinder.
Grinder is almost dead.
Grinder hits you but does no damage.
You hit Grinder.
Grinder is almost dead.
Grinder barely misses you.
You barely miss Grinder.
Grinder is almost dead.
Grinder blinks!
Grinder grins, showing sharp teeth.
You block Grinder's attack.
You closely miss Grinder.
Grinder is almost dead.
Grinder hits you.
You hit Grinder but do no damage.
Grinder is almost dead.
Grinder hits you.
You hit Grinder but do no damage.
Grinder is almost dead.
Grinder gestures at you. Pain shoots through your body!
* * * LOW HITPOINT WARNING * * *
You closely miss Grinder.
Grinder is almost dead.
You block Grinder's attack.
You closely miss Grinder.
Grinder is almost dead.
Grinder gestures at you. Pain shoots through your body!
You die...

#.....#####...
#.......#.#..
.............
.............
....#........#
...#.........
###..#....
#...)..#
###.@5.#
#.....##
#.....##
##...## #.###
##


You could see Grinder.

Vanquished Creatures
  Sigmund (D:2)
  An ogre (D:4)
  A phantom (D:4)
  5 adders
  4 worms (D:2)
  8 orcs
  3 bats
  3 endoplasms (D:2)
  2 giant cockroaches
  5 goblins
  6 hobgoblins
  6 jackals (D:1)
  4 kobolds
  4 quokkas
  5 ball pythons
  A frilled lizard (D:2)
  8 rats
67 creatures vanquished.

Notes
Turn   | Place    | Note
-------+----------+-------------------------------------------
     0 | D:1      | Leibowitz the Kobold Fighter began the quest for the Orb.
     0 | D:1      | Reached XP level 1. HP: 14/14 MP: 1/1
    82 | D:1      | Reached XP level 2. HP: 14/19 MP: 2/2
   284 | D:1      | Reached skill level 3 in Short Blades
   421 | D:1      | Found Zioxac Heasa's Jewellery Boutique.
   592 | D:1      | Reached XP level 3. HP: 22/23 MP: 3/3
  1374 | D:2      | Reached skill level 1 in Stealth
  1418 | D:2      | Reached XP level 4. HP: 28/28 MP: 4/4
  1483 | D:2      | Found a bloodstained altar of Trog.
  1584 | D:2      | Noticed Sigmund
  1611 | D:2      | Killed Sigmund
  1612 | D:2      | Reached skill level 4 in Short Blades
  1612 | D:2      | Reached skill level 1 in Dodging
  1612 | D:2      | Reached XP level 5. HP: 14/33 MP: 5/5
  1612 | D:2      | Reached XP level 6. HP: 17/38 MP: 6/6
  1829 | D:2      | Found a faded altar of an unknown god.
  1881 | D:2      | Reached skill level 5 in Short Blades
  3466 | D:3      | Found an opulent altar of Gozag.
  3573 | D:4      | Noticed an ogre
  3582 | D:4      | Killed an ogre
  3589 | D:4      | Reached XP level 7. HP: 39/43 MP: 7/7
  3787 | D:4      | Found Vameadghi's Antique Weapon Boutique.
  3792 | D:4      | Reached skill level 6 in Short Blades
  3849 | D:4      | Noticed Grinder
  3862 | D:4      | Killed from afar by Grinder

Illustrated notes

Levels and vault maps discovered:
D:1:      matt_arrival_grand_opening, layout_loops_ring, serial_shops,
          nicolae_shop_trees, minmay_liquid_box, chequers_jeans
D:2:      layout_loops_ring, hellmonk_ecumenical_altar_lost_god, basic_altar,
          lightli_corner_chamber, uniq_sigmund
D:3:      layout_loops_ring, nicolae_gozag_cash_rules_everything_around_me
D:4:      layout_cave_pools, elyvilon_altar_4,
          worldfamousw_hep_ancestral_shrine, temple_green, serial_shops, shop,
          uniq_grinder

Skill      XL: |  1  2  3  4  5  6  7 |
---------------+----------------------+-----
Short Blades   | 3 4 5 6 |  6.0
Stealth        | 1 2 3 |  3.5
Armour         | 3 |  3.4
Dodging        | 1 2 |  2.1
Shields        | 3 |  3.2
Fighting       | 4 |  4.1
Throwing       | |  0.1

Action                   |  1- 3 |  4- 6 |  7- 9 || total
-------------------------+-------+-------+-------++-------
Melee: Rapier            |    99 |    87 |    29 ||   215
Throw: Dart              |       |     4 |       ||     4
  Use: Potion            |       |     1 |       ||     1
 Stab: Sleeping          |     1 |    16 |     2 ||    19
Armor: Scale mail        |    30 |     9 |       ||    39
       Robe              |       |     1 |     3 ||     4
Dodge: Dodged            |    60 |    23 |     6 ||    89
Block: Buckler           |    29 |    22 |     8 ||    59
